PAAA
SYRACUSE STARKS @ BLOOMINGTON LONGNECKS
07/12/2042
 
TOP OF THE 1ST
Syracuse Starks batting - Pitching for Bloomington Longnecks : RHP Jesús Franco
Pitching: RHP Jesús Franco
Batting: RHB Damon Newbold 0-0: Called Strike
0-1: Ball
1-1: Called Strike
1-2: Strikes out swinging
Batting: RHB Akke Derksen 0-0: Swinging Strike
0-1: Ball
1-1: Ball
2-1: Ball
3-1: Foul Ball, location: 2F
3-2: Strikes out swinging
Batting: LHB Mare Riseley 0-0: Ball
1-0: Swinging Strike
1-1: Ground out 4-3 (Groundball, 4, EV 93.8 MPH)
Top of the 1st over - 0 runs, 0 hits, 0 errors, 0 left on base; Syracuse 0 - Bloomington 0
BOTTOM OF THE 1ST
Bloomington Longnecks batting - Pitching for Syracuse Starks : LHP Ollie McDaniell
Pitching: LHP Ollie McDaniell
Batting: RHB Nelson Jaramillo 0-0: Ball
1-0: Foul Ball, location: 2F
1-1: Ball
2-1: Ball
3-1: SINGLE (Groundball, 4MD, EV 99.4 MPH)
Batting: RHB Ignacio Páez Balk!
Nelson Jaramillo to second
0-0: Ball
1-0: Foul Ball, location: 2F
1-1: Ball
2-1: Foul Ball, location: 2F
2-2: Strikes out swinging
Batting: RHB Orlando Velásquez 0-0: Ball
1-0: Ball
2-0: Ball
3-0: Called Strike
3-1: Base on Balls
Batting: RHB Dao-zi Zhan 0-0: Ball
1-0: Ball
2-0: Ball
3-0: Base on Balls
Nelson Jaramillo to third
Orlando Velásquez to second
Batting: RHB Dylan Stavely 0-0: SINGLE (Groundball, 56D, EV 98.1 MPH)
Nelson Jaramillo scores
Orlando Velásquez to third
Dao-zi Zhan to second
Batting: RHB Noah Bushby 0-0: Grounds into double play, 4-6-3 (Groundball, 34, EV 81.9 MPH)
Bottom of the 1st over - 1 run, 2 hits, 0 errors, 2 left on base; Syracuse 0 - Bloomington 1
TOP OF THE 2ND
Syracuse Starks batting - Pitching for Bloomington Longnecks : RHP Jesús Franco
Batting: RHB Takashi Miike 0-0: Swinging Strike
0-1: Called Strike
0-2: Ground out 5-3 (Groundball, 56, EV 103.1 MPH)
Batting: RHB Atanza Vongor 0-0: Called Strike
0-1: Called Strike
0-2: Ground out 4-3 (Groundball, 4S, EV 75.6 MPH)
Batting: RHB Francisco Agámez 0-0: Called Strike
0-1: DOUBLE (Groundball, 3L, EV 105.6 MPH)
Batting: RHB Patrick Mildren 0-0: Called Strike
0-1: SINGLE (Line Drive, 89M, EV 110.0 MPH)
Francisco Agámez to third
Runner from 3rd tries for Home, SAFE, no throw by RF
Batting: RHB Jonathan Elmore 0-0: Called Strike
0-1: Swinging Strike
0-2: Strikes out swinging
Top of the 2nd over - 1 run, 2 hits, 0 errors, 1 left on base; Syracuse 1 - Bloomington 1
BOTTOM OF THE 2ND
Bloomington Longnecks batting - Pitching for Syracuse Starks : LHP Ollie McDaniell
Batting: LHB Sherman Kline 0-0: Ball
1-0: Foul Ball, location: 2F
1-1: Ball
2-1: Foul Ball, location: 2F
2-2: Fly out, F8 (Flyball, 8RS, EV 90.0 MPH)
Batting: RHB Júlio Rodríguez 0-0: Called Strike
0-1: Ball
1-1: Fly out, F9 (Flyball, 9LM, EV 100.6 MPH)
Batting: LHB Leonid Machehin 0-0: Called Strike
0-1: Ball
1-1: Ball
2-1: Foul Ball, location: 2F
2-2: Ball
3-2: Foul Ball, location: 2F
3-2: Base on Balls
Batting: RHB Nelson Jaramillo 0-0: Ball
1-0: Foul Ball, location: 2F
1-1: Fly out, F8 (Flyball, 8RXD, EV 96.2 MPH)
Bottom of the 2nd over - 0 runs, 0 hits, 0 errors, 1 left on base; Syracuse 1 - Bloomington 1
TOP OF THE 3RD
Syracuse Starks batting - Pitching for Bloomington Longnecks : RHP Jesús Franco
Batting: RHB Jimmy Robinson 0-0: Ball
1-0: Ball
2-0: Foul Ball, location: 2F
2-1: Ball
3-1: Base on Balls
Batting: RHB Damon Newbold 0-0: Ball
Pickoff Throw to First - Error! E1
Jimmy Robinson to second
1-0: Ball
2-0: Called Strike
2-1: SINGLE (Groundball, 6MD, EV 96.2 MPH)
Jimmy Robinson to third
Batting: RHB Akke Derksen 0-0: Ball
1-0: Fly out, F8 (Flyball, 8LXD, EV 105.0 MPH)
Runner from 3rd tags up, SCORES, no throw by CF
Batting: LHB Mare Riseley 0-0: Ball
Damon Newbold steals 2nd base
1-0: Called Strike
1-1: Called Strike
1-2: Ball
2-2: Foul Ball, location: 2F
2-2: Strikes out swinging
Batting: RHB Takashi Miike 0-0: Ball
1-0: Ball
2-0: Ball
3-0: Base on Balls
Batting: RHB Atanza Vongor 0-0: Foul Ball, location: 2F
0-1: Ball
1-1: Ball
2-1: Foul Ball, location: 2F
2-2: Ball
3-2: 3-RUN HOME RUN (Line Drive, 78XD, EV 101.2 MPH), Distance : 399 ft
Batting: RHB Francisco Agámez 0-0: SINGLE (Groundball, 4MD, EV 95.0 MPH)
Batting: RHB Patrick Mildren 0-0: Fielders Choice at 2nd, 6-4 (Groundball, 6, EV 79.4 MPH)
Top of the 3rd over - 4 runs, 3 hits, 1 error, 1 left on base; Syracuse 5 - Bloomington 1
BOTTOM OF THE 3RD
Bloomington Longnecks batting - Pitching for Syracuse Starks : LHP Ollie McDaniell
Batting: RHB Ignacio Páez 0-0: Ball
1-0: Foul Ball, location: 2F
1-1: Ball
2-1: Ball
3-1: SINGLE (Groundball, 6, EV 88.1 MPH) (infield hit)
Batting: RHB Orlando Velásquez 0-0: Ball
1-0: Called Strike
1-1: Foul Ball, location: 2F
1-2: Ball
2-2: Foul Ball, location: 2F
2-2: Foul Ball, location: 2F
2-2: Ball
3-2: Fly out, F6 (Line Drive, 6, EV 68.8 MPH)
Batting: RHB Dao-zi Zhan 0-0: Foul Ball, location: 2F
0-1: Swinging Strike
0-2: Foul Ball, location: 2F
0-2: Ball
1-2: Grounds into double play, 5-4-3 (Groundball, 56, EV 98.8 MPH)
Bottom of the 3rd over - 0 runs, 1 hit, 0 errors, 0 left on base; Syracuse 5 - Bloomington 1
TOP OF THE 4TH
Syracuse Starks batting - Pitching for Bloomington Longnecks : RHP Jesús Franco
Batting: RHB Jonathan Elmore 0-0: Foul Ball, location: 2F
0-1: Swinging Strike
0-2: Ball
1-2: Strikes out swinging
Batting: RHB Jimmy Robinson 0-0: Ball
1-0: Ball
2-0: Foul Ball, location: 2F
2-1: Ball
3-1: Foul Ball, location: 2F
3-2: Ground out 6-3 (Groundball, 6, EV 86.9 MPH)
Batting: RHB Damon Newbold 0-0: Called Strike
0-1: Foul Ball, location: 2F
0-2: Ball
1-2: Ground out 5-3 (Groundball, 56S, EV 68.1 MPH)
Top of the 4th over - 0 runs, 0 hits, 0 errors, 0 left on base; Syracuse 5 - Bloomington 1
BOTTOM OF THE 4TH
Bloomington Longnecks batting - Pitching for Syracuse Starks : LHP Ollie McDaniell
Batting: RHB Dylan Stavely 0-0: Ball
1-0: Ball
2-0: Ball
3-0: Called Strike
3-1: Foul Ball, location: 2F
3-2: Ground out 6-3 (Groundball, 6, EV 88.1 MPH)
Batting: RHB Noah Bushby 0-0: Called Strike
0-1: Ball
1-1: Foul Ball, location: 2F
1-2: Strikes out swinging
Batting: LHB Sherman Kline 0-0: Called Strike
0-1: Called Strike
0-2: Ball
1-2: Foul Ball, location: 2F
1-2: Strikes out swinging
Bottom of the 4th over - 0 runs, 0 hits, 0 errors, 0 left on base; Syracuse 5 - Bloomington 1
TOP OF THE 5TH
Syracuse Starks batting - Pitching for Bloomington Longnecks : RHP Jesús Franco
Batting: RHB Akke Derksen 0-0: Ball
1-0: Called Strike
1-1: Swinging Strike
1-2: Foul Ball, location: 2F
1-2: Strikes out swinging
Batting: LHB Mare Riseley 0-0: Ball
1-0: Ball
2-0: Ball
3-0: Base on Balls
Pitching: RHP Salvador Sagastizabal
Batting: RHB Takashi Miike 0-0: Called Strike
0-1: Ball
1-1: Foul Ball, location: 2F
1-2: Ball
2-2: Ball
3-2: Fly out, F8 (Line Drive, 8LD, EV 91.2 MPH)
Batting: RHB Atanza Vongor 0-0: Ball
1-0: Called Strike
Mare Riseley steals 2nd base
1-1: Ball
2-1: Ball
3-1: Foul Ball, location: 2F
3-2: Ground out 4-3 (Groundball, 4M, EV 101.2 MPH)
Top of the 5th over - 0 runs, 0 hits, 0 errors, 1 left on base; Syracuse 5 - Bloomington 1
BOTTOM OF THE 5TH
Bloomington Longnecks batting - Pitching for Syracuse Starks : LHP Ollie McDaniell
Batting: RHB Júlio Rodríguez 0-0: Foul Ball, location: 2F
0-1: Ground out 1-3 (Groundball, 15S, EV 61.9 MPH)
Batting: LHB Leonid Machehin 0-0: Foul Ball, location: 2F
0-1: Foul Ball, location: 2F
0-2: SINGLE (Groundball, 34D, EV 99.4 MPH)
Batting: RHB Nelson Jaramillo 0-0: Foul Ball, location: 2F
0-1: Fielders Choice at 2nd, 5-4 (Groundball, 56, EV 91.2 MPH)
Batting: RHB Ignacio Páez 0-0: Ball
Nelson Jaramillo steals 2nd base
1-0: Ball
2-0: Called Strike
2-1: Ball
3-1: Foul Ball, location: 2F
3-2: Fly out, F8 (Flyball, 8RM, EV 84.4 MPH)
Bottom of the 5th over - 0 runs, 1 hit, 0 errors, 1 left on base; Syracuse 5 - Bloomington 1
TOP OF THE 6TH
Syracuse Starks batting - Pitching for Bloomington Longnecks : RHP Salvador Sagastizabal
Batting: RHB Francisco Agámez 0-0: Ball
1-0: Called Strike
1-1: Ground out 1-3 (Groundball, 25, EV 84.4 MPH)
Batting: RHB Patrick Mildren 0-0: Swinging Strike
0-1: Ball
1-1: Ground out 6-3 (Groundball, 6MD, EV 83.8 MPH)
Batting: RHB Jonathan Elmore 0-0: Ball
1-0: Ball
2-0: Ground out 6-3 (Groundball, 6, EV 86.9 MPH)
Top of the 6th over - 0 runs, 0 hits, 0 errors, 0 left on base; Syracuse 5 - Bloomington 1
BOTTOM OF THE 6TH
Bloomington Longnecks batting - Pitching for Syracuse Starks : LHP Ollie McDaniell
Batting: RHB Orlando Velásquez 0-0: Called Strike
0-1: Ball
1-1: Foul Ball, location: 2F
1-2: Ball
2-2: Ball
3-2: SINGLE (Line Drive, 9LS, EV 94.4 MPH)
Batting: RHB Dao-zi Zhan 0-0: Ball
1-0: Grounds into double play, 6-4-3 (Groundball, 6, EV 80.6 MPH)
Batting: RHB Dylan Stavely 0-0: SINGLE (Line Drive, 6D, EV 101.2 MPH)
Batting: RHB Noah Bushby 0-0: Called Strike
0-1: Fielders Choice at 2nd, 6-4 (Groundball, 6, EV 104.4 MPH)
Bottom of the 6th over - 0 runs, 2 hits, 0 errors, 1 left on base; Syracuse 5 - Bloomington 1
TOP OF THE 7TH
Syracuse Starks batting - Pitching for Bloomington Longnecks : RHP Salvador Sagastizabal
Batting: RHB Jimmy Robinson 0-0: Called Strike
0-1: Ball
1-1: Ball
2-1: Foul Ball, location: 2F
2-2: Strikes out looking
Batting: RHB Damon Newbold 0-0: Called Strike
0-1: Foul Ball, location: 2F
0-2: Fly out, F4 (Popup, 4, EV 59.4 MPH)
Batting: RHB Akke Derksen 0-0: Ball
1-0: Called Strike
1-1: Foul Ball, location: 2F
1-2: Ball
2-2: Ground out 5-3 (Groundball, 56, EV 98.8 MPH)
Top of the 7th over - 0 runs, 0 hits, 0 errors, 0 left on base; Syracuse 5 - Bloomington 1
BOTTOM OF THE 7TH
Bloomington Longnecks batting - Pitching for Syracuse Starks : LHP Ollie McDaniell
Batting: LHB Sherman Kline 0-0: Foul Ball, location: 2F
0-1: Foul Ball, location: 2F
0-2: Ground out 2-3 (Groundball, 2L, EV 70.0 MPH)
Batting: RHB Júlio Rodríguez 0-0: Swinging Strike
0-1: Ball
1-1: Fly out, F8 (Flyball, 8RM, EV 95.0 MPH)
Batting: LHB Leonid Machehin 0-0: Called Strike
0-1: Called Strike
0-2: Ball
1-2: Ball
2-2: Ground out U3 (Groundball, 3, EV 85.0 MPH)
Bottom of the 7th over - 0 runs, 0 hits, 0 errors, 0 left on base; Syracuse 5 - Bloomington 1
TOP OF THE 8TH
Syracuse Starks batting - Pitching for Bloomington Longnecks : RHP Salvador Sagastizabal
Batting: LHB Mare Riseley 0-0: Ball
1-0: Called Strike
1-1: Ground out 6-3 (Groundball, 6, EV 84.4 MPH)
Batting: RHB Takashi Miike 0-0: Foul Ball, location: 2F
0-1: Foul Ball, location: 2F
0-2: Foul Ball, location: 2F
0-2: Ball
1-2: Ball
2-2: Ball
3-2: Reached on error, E1 (Groundball, 25, EV 69.4 MPH)
Pitching: RHP Georges Cormier
Batting: RHB Atanza Vongor 0-0: Called Strike
0-1: Ball
1-1: Called Strike
1-2: Strikes out swinging
Batting: RHB Francisco Agámez 0-0: Ball
1-0: Ground out 4-3 (Groundball, 34, EV 87.5 MPH)
Top of the 8th over - 0 runs, 0 hits, 1 error, 1 left on base; Syracuse 5 - Bloomington 1
BOTTOM OF THE 8TH
Bloomington Longnecks batting - Pitching for Syracuse Starks : LHP Ollie McDaniell
Batting: RHB Nelson Jaramillo 0-0: Called Strike
0-1: Foul Ball, location: 2F
0-2: Foul Ball, location: 2F
0-2: Strikes out swinging
Batting: RHB Ignacio Páez 0-0: Ball
1-0: Swinging Strike
1-1: Swinging Strike
1-2: Ball
2-2: SINGLE (Groundball, 6, EV 103.8 MPH) (infield hit)
Pitching: LHP Stan Lowe
Batting: RHB Orlando Velásquez 0-0: Ball
1-0: Foul Ball, location: 2F
1-1: Ball
2-1: Foul Ball, location: 2F
2-2: Foul Ball, location: 2F
2-2: Ball
3-2: Foul Ball, location: 2F
3-2: SINGLE (Line Drive, 5D, EV 94.4 MPH)
Ignacio Páez to second
Batting: RHB Dao-zi Zhan 0-0: Ball
1-0: Foul Ball, location: 2F
1-1: Ball
2-1: SINGLE (Groundball, 6D, EV 101.9 MPH)
Ignacio Páez to third
Orlando Velásquez to second
Batting: RHB Dylan Stavely 0-0: Ball
1-0: Called Strike
1-1: Ball
2-1: GRAND SLAM HOME RUN (Flyball, 7D, EV 107.5 MPH), Distance : 383 ft
Batting: RHB Noah Bushby 0-0: SINGLE (Flyball, 8RS, EV 87.5 MPH) - OUT at second base trying to stretch hit.
Batting: LHB Sherman Kline 0-0: Called Strike
0-1: Ball
1-1: Foul Ball, location: 2F
1-2: Ball
2-2: Ball
3-2: Ground out 4-3 (Groundball, 4, EV 85.0 MPH)
Bottom of the 8th over - 4 runs, 5 hits, 0 errors, 0 left on base; Syracuse 5 - Bloomington 5
TOP OF THE 9TH
Syracuse Starks batting - Pitching for Bloomington Longnecks : RHP Georges Cormier
Pitching: RHP Ron Mingo
Batting: RHB Patrick Mildren 0-0: Swinging Strike
0-1: Called Strike
0-2: Ball
1-2: Strikes out swinging
Batting: RHB Jonathan Elmore 0-0: Ball
1-0: Swinging Strike
1-1: Called Strike
1-2: Ball
2-2: Ball
3-2: Fly out, F8 (Flyball, 89D, EV 103.8 MPH)
Pinch Hitting: RHB Arsenio Laurel 0-0: SOLO HOME RUN (Flyball, 7D, EV 103.8 MPH), Distance : 378 ft
Batting: RHB Damon Newbold 0-0: Called Strike
0-1: Ball
1-1: Swinging Strike
1-2: Strikes out looking
Top of the 9th over - 1 run, 1 hit, 0 errors, 0 left on base; Syracuse 6 - Bloomington 5
BOTTOM OF THE 9TH
Bloomington Longnecks batting - Pitching for Syracuse Starks : LHP Stan Lowe
Now in RF: Arsenio Laurel
Pinch Hitting: RHB Fu-Kang Cuan 0-0: Called Strike
0-1: Foul Ball, location: 2F
0-2: Ball
1-2: Ball
2-2: Foul Ball, location: 2F
2-2: Ball
3-2: SOLO HOME RUN (Line Drive, 78XD, EV 100.6 MPH), Distance : 426 ft
Batting: LHB Leonid Machehin 0-0: Ground out U3 (Groundball, 34, EV 97.5 MPH)
Pitching: LHP Jeffery Brock
Batting: RHB Nelson Jaramillo 0-0: Ball
1-0: Swinging Strike
1-1: Ball
2-1: Called Strike
2-2: Ball
3-2: Base on Balls
Batting: RHB Ignacio Páez 0-0: Called Strike
0-1: Ball
1-1: Ball
Nelson Jaramillo steals 2nd base
2-1: 2-RUN HOME RUN (Line Drive, 9LD, EV 105.6 MPH), Distance : 345 ft
Friday, March 26th, 2021 - OOTP Baseball 20.8 Build 74